 Dungeon Crawl Stone Soup version 0.25.1-9-gc5326a611f (webtiles) character file.

Game seed: 14137513037215383457

90 raceaflais the Insei (level 4, -11/35 HPs)
             Began as a Demigod Transmuter on Dec 28, 2020.
             Killed by divine providence
             ... invoked by an orc priest
              (15 damage)
             ... on level 3 of the Dungeon on Dec 29, 2020.
             The game lasted 00:13:40 (4291 turns).

raceaflais the Insei (Demigod Transmuter)           Turns: 4291, Time: 00:13:41

Health: -11/35     AC:  2    Str: 13    XL:     4   Next: 11%
Magic:  9/10       EV: 13    Int: 19    God:
Gold:   122        SH:  0    Dex: 16    Spells: 6/7 levels left

rFire    . . .     SeeInvis .   q - +2 dagger (venom)
rCold    . . .     Gourm    .   (no shield)
rNeg     . . .     Faith    .   b - +0 robe
rPois    .         Spirit   .   w - +0 hat
rElec    .         Reflect  .   (no cloak)
rCorr    .         Harm     .   (no gloves)
MR       .....                  (no boots)
Stlth    ++........             (no amulet)
HPRegen  0.11/turn              (no ring)
MPRegen  0.12/turn              (no ring)

@: appendage (expiring)
A: horns 2, high mp 1
a: End Transformation


You were on level 3 of the Dungeon.
You were very hungry.
You had grown temporary horns.
You visited 1 branch of the dungeon, and saw 3 of its levels.

You collected 122 gold pieces.

Inventory:

Hand Weapons
 c - a +0 club
 e - a +0 short sword
 f - a +0 whip
 i - a +0 dagger
 n - a cursed -2 dagger
 q - a +2 dagger of venom (weapon)
 r - a +0 mace of protection
Missiles
 a - 28 arrows
 g - 44 stones (quivered)
 j - 18 bolts
 m - 5 large rocks
 s - 4 boomerangs
Armour
 b - a +0 robe (worn)
 t - a +0 chain mail
 u - a +0 ring mail
 w - a +0 hat (worn)
Jewellery
 k - a cursed amulet of inaccuracy {unknown}
Wands
 p - a wand of clouds (7)
Scrolls
 h - a scroll of teleportation
Potions
 l - 2 potions of heal wounds {unknown}
Comestibles
 d - a ration


   Skills:
 + Level 1.2 Fighting
 + Level 1.4 Short Blades
 + Level 2.0 Dodging
 + Level 0.5 Stealth
 + Level 2.9 Unarmed Combat
 + Level 2.4 Spellcasting
 + Level 2.5 Transmutations


You had 6 spell levels left.
You knew the following spells:

 Your Spells              Type           Power        Failure   Level  Hunger
a - Beastly Appendage     Tmut           ##....       5%          1    #......

Your spell library contained the following spells:

 Spells                   Type           Power        Failure   Level  Hunger
 Sticks to Snakes         Tmut           ##......     9%          2    ##.....
 Spider Form              Tmut/Pois      #.........   28%         3    ###....
 Ice Form                 Ice/Tmut       #.......     67%         4    #####..
 Blade Hands              Tmut           ##........   83%         5    ######.


Dungeon Overview and Level Annotations

Branches:
Dungeon (3/15)


Innate Abilities, Weirdness & Mutations

You have an increased reservoir of magic. (+10% MP)
You have a pair of horns on your head.


Message History

An orc comes into view. It is wielding a +0 club.
The orc priest looks encouraged for a moment.
The orc priest hits you.
Things that are here:
a +0 club; a hobgoblin corpse The orc shouts!
You hit the orc priest.
The orc priest is poisoned.
The orc priest is lightly wounded.
The orc priest mumbles some strange prayers to Beogh against you.
Beogh smites you!
As you read the scroll labeled GIABLU KUYWNUE, it crumbles to dust.
You feel blessed for a moment.
It was a scroll of remove curse.
The orc barely misses you.
The orc priest mumbles some strange prayers to Beogh against you.
Pain shoots through your body!
* * * LOW HITPOINT WARNING * * *
Your transformation is almost over.
The orc priest calls down the wrath of Beogh upon you.
Beogh smites you!
You die...

.....########.##...##.##
.....'.........+...'..#≈
.....#########.#†..#
...<.'.........)...#
.....########.#.#### s
..............#.## #s
###############).####.##
...............
#......@...#..#
.......)o..#
.......o...#
...........#
.........o.#
.......o...o.
.#######...... .......
.......


You could see 3 orc priests, 2 orcs and a giant cockroach.

Vanquished Creatures
  2 adders
  2 worms (D:2)
  2 leopard geckos (D:3)
  8 orcs (D:3)
  3 giant cockroaches
  7 hobgoblins
  6 jackals
  A ball python (D:1)
  4 bats
  3 frilled lizards
  7 goblins
  5 kobolds
  5 rats
55 creatures vanquished.

Notes
Turn   | Place    | Note
-------+----------+-------------------------------------------
     0 | D:1      | raceaflais the Demigod Transmuter began the quest for the
                  | Orb.
     0 | D:1      | Reached XP level 1. HP: 15/15 MP: 5/5
  1074 | D:2      | Found a faded altar of an unknown god.
  1225 | D:2      | Found a stormy altar of Qazlal.
  1316 | D:2      | Reached XP level 2. HP: 22/22 MP: 5/7
  1547 | D:2      | Reached skill level 1 in Fighting
  2141 | D:2      | Reached XP level 3. HP: 11/28 MP: 9/9
  2386 | D:2      | Reached skill level 1 in Short Blades
  3849 | D:3      | Reached XP level 4. HP: 10/35 MP: 10/10
  4291 | D:3      | Killed from afar by an orc priest

Illustrated notes

Levels and vault maps discovered:
D:1:      lightli_arrival_chessboard, layout_loops_ring,
          grunt_decor_mini_mirrors, minivault_27
D:2:      cheibrodos_greedy_goblins, layout_basic,
          chequers_ecumenical_altar_simple, nicolae_qazlal_general_emergency
D:3:      layout_basic, gup_sewer_entry_glass, minmay_goblin_kobold_house

Skill      XL: |  1  2  3 |
---------------+----------+-----
Transmutations | 2 |  2.5
Spellcasting   | 2 |  2.4
Fighting       | 1 |  1.2
Short Blades   | 1 |  1.4
Dodging        | 2 |  2.0
Stealth        | |  0.5
Unarmed Combat | |  2.9

Action                   |  1- 3 |  4- 6 || total
-------------------------+-------+-------++-------
Melee: Short sword       |   139 |       ||   139
       Kick              |    31 |       ||    31
       Unarmed           |     4 |       ||     4
       Headbutt          |     3 |     2 ||     5
       Punch             |     2 |       ||     2
       Dagger            |       |    12 ||    12
 Cast: Beastly Appendage |    31 |     5 ||    36
  Use: Potion            |     4 |       ||     4
       Scroll            |     2 |     1 ||     3
 Stab: Sleeping          |     2 |       ||     2
  Eat: Ration            |     2 |       ||     2
       Chunk             |     3 |       ||     3
Armor: Robe              |    23 |     2 ||    25
Dodge: Dodged            |   106 |     4 ||   110
